 Dungeon Crawl Stone Soup version 0.21.1-1-g345015f (webtiles) character file.

71 tdicelander the Cudgeler (level 4, -2/41 HPs)
             Began as a Minotaur Berserker on June 3, 2018.
             Was a Follower of Trog.
             Slain by Grinder (4 damage)
             ... on level 2 of the Dungeon.
             The game lasted 00:07:52 (1140 turns).

tdicelander the Cudgeler (Minotaur Berserker)       Turns: 1140, Time: 00:07:52

Health: -2/41      AC:  5    Str: 22    XL:     4   Next: 5%
Magic:  3/3        EV: 11    Int:  4    God:    Trog [*.....]
Gold:   121        SH:  0    Dex: 10    Spells: 3/3 levels left

rFire    + . .     SeeInvis .   a - +0 mace
rCold    . . .     Gourm    .   (no shield)
rNeg     . . .     Faith    .   i - +0 ring mail
rPois    .         Spirit   .   (helmet restricted)
rElec    .         Reflect  .   (no cloak)
rCorr    .         Harm     .   (no gloves)
MR       .....                  (no boots)
Stlth    +.........             (no amulet)
HPRegen  0.13/turn              n - ring of protection from fire
MPRegen  0.08/turn              (no ring)

@: berserk cooldown, slowed, very slow
A: retaliatory headbutt, horns 2
a: Berserk, Burn Spellbooks, Renounce Religion


You were on level 2 of the Dungeon.
You worshipped Trog.
Trog was aware of your devotion.
You were very hungry.

You visited 1 branch of the dungeon, and saw 3 of its levels.

You collected 121 gold pieces.

Inventory:

Hand Weapons
 a - a +0 mace (weapon)
 g - a cursed -1 club
 h - a +0 hand axe
 m - a +0 spear
 p - a +0 mace
 q - a +0 hunting sling
 s - a +0 club
 u - a +0 hand axe
Missiles
 e - 45 arrows
 r - 3 tomahawks (quivered)
 v - 50 stones
Armour
 b - a +0 animal skin
 i - a +0 ring mail (worn)
 k - a +0 leather armour
 y - a +0 robe
Jewellery
 j - an uncursed ring of protection from magic {unknown}
 n - a ring of protection from fire (left hand)
Scrolls
 l - a scroll of enchant weapon
 o - 2 scrolls of identify
 x - a scroll of amnesia {unknown}
Potions
 d - 2 potions of curing {unknown}
 f - a potion of cancellation {unknown}
 t - a potion of flight {unknown}
 w - a potion of haste {unknown}
 z - a potion of heal wounds {unknown}
 A - a potion of magic {unknown}
Comestibles
 c - 2 rations


   Skills:
 + Level 4.4 Fighting
 + Level 4.5 Maces & Flails
 + Level 3.0 Armour
 + Level 2.5 Dodging
 * Level 0.9 Stealth


You had 3 spell levels left.
You didn't know any spells.

Dungeon Overview and Level Annotations

Branches:
Dungeon (3/15)

Altars:

Annotations:
D:2 Grinder


Innate Abilities, Weirdness & Mutations

You reflexively headbutt those who attack you in melee.
You have a pair of horns on your head.


Message History

Grinder is heavily wounded.
Grinder closely misses you.
You hit Grinder.
Grinder is heavily wounded.
Grinder gestures at you.
You barely resist.
Grinder blinks!
Grinder grins, showing sharp teeth.
Grinder gestures at you.
You suddenly lose the ability to move!
Grinder barely misses you.
You can move again.
There is a stone staircase leading up here.
Grinder misses you. You furiously retaliate!
You headbutt Grinder, but do no damage.
You climb upwards.
There is a stone staircase leading down here.
Grinder barely misses you. Grinder hits you.
* * * LOW HITPOINT WARNING * * *
You writhe in agony.
You die...

### ######### ##...##
........#############.###.### ##
#######.................#...####.
............#####...#.#.#.#......
.#####.###### #..............#..
.# #.# #....###.##.##.#.. .# #.#
#5#.## #.##.##.#.. .# #.# #@#.#
#.##.##.... .# #.# #.#.#
#.......... .# #.# #...#
####.###### .# #.# ..#.# #.#.....
.#####.# ....... ..#.####
.......# ####. ### #.# .#######
.# #.# ## .# #†# ## .# #.####


You could see Grinder.

Vanquished Creatures
  Jessica (D:3)
  A worker ant (D:2)
  A leopard gecko (D:1)
  4 goblins
  A hobgoblin (D:1)
  2 jackals (D:1)
  A kobold (D:1)
  A quokka (D:2)
  3 bats
  A frilled lizard (D:2)
  3 rats
19 creatures vanquished.

Notes
Turn   | Place    | Note
-------+----------+-------------------------------------------
     0 | D:1      | tdicelander the Minotaur Berserker began the quest for the Orb.
     0 | D:1      | Reached XP level 1. HP: 19/19 MP: 0/0
   353 | D:1      | Reached XP level 2. HP: 19/27 MP: 1/1
   391 | D:1      | You fall through a shaft!
   907 | D:2      | Reached XP level 3. HP: 23/33 MP: 2/2
  1100 | D:3      | Noticed Grinder
  1100 | D:3      | Noticed Jessica
  1119 | D:3      | Killed Jessica
  1119 | D:3      | Reached XP level 4. HP: 39/41 MP: 3/3
  1135 | D:3      | Paralysed by Grinder for 3 turns
  1140 | D:2      | HP: 2/41 [Grinder (3)]
  1140 | D:2      | Slain by Grinder

Skill      XL: |  1  2  3 |
---------------+----------+-----
Fighting       | 4 |  4.4
Maces & Flails | 4 |  4.5
Armour         | 3 |  3.0
Dodging        | |  2.5
Stealth        | |  0.9

Action                   |  1- 3 |  4- 6 || total
-------------------------+-------+-------++-------
Melee: Mace              |    30 |     8 ||    38
       Headbutt          |     5 |     1 ||     6
Invok: Berserk           |     1 |       ||     1
  Use: Scroll            |     4 |       ||     4
Armor: Ring mail         |    11 |     1 ||    12
Dodge: Dodged            |    36 |     4 ||    40
